 Dungeon Crawl Stone Soup version 0.30-a0-743-gbfdf073431 (webtiles) character file.

Game seed: 7395119603369896763

775 boo the Carver (level 7, -5/56 HPs)
             Began as a Merfolk Gladiator on Feb 6, 2023.
             Killed from afar by Dowan (11 damage)
             ... with a shard of ice
             ... on level 5 of the Dungeon.
             The game lasted 00:09:07 (4565 turns).

boo the Carver (Merfolk Gladiator)                  Turns: 4565, Time: 00:09:08

Health: -5/56      AC:  5    Str: 15    XL:     7   Next: 84%
Magic:  7/7        EV: 15    Int:  7    God:
Gold:   214        SH:  0    Dex: 17    Spells: 6/6 levels left

rFire   + + .      SeeInvis .    a - +0 long sword
rCold   + + .      Faith    .    (no shield)
rNeg    . . .      Spirit   .    b - +0 leather armour
rPois   .          Reflect  .    c - +0 helmet
rElec   .          Harm     .    s - scarf {rC+ rF+}
rCorr   .          Rampage  .    u - +0 pair of gloves
Will    .....                    (no boots)
Stlth   +                        h - amulet of magic regeneration
HPRegen 0.29/turn                F - ring of protection from fire
MPRegen 0.50/turn                E - ring of protection from cold

@: no status effects
A: (nimble swimmer 2), mertail
a: no special abilities


You were on level 5 of the Dungeon.
You visited 2 branches of the dungeon, and saw 6 of its levels.

You collected 314 gold pieces.
You spent 100 gold pieces at shops.

Inventory:

Hand Weapons
 a - a +0 long sword (weapon)
Missiles
 d - 3 throwing nets (quivered)
 e - 4 javelins
Armour
 b - a +0 leather armour (worn)
 c - a +0 helmet (worn)
 s - a scarf of resistance (worn)
 u - a +0 pair of gloves (worn)
Jewellery
 h - an amulet of magic regeneration (around neck)
 E - a ring of protection from cold (right hand)
 F - a ring of protection from fire (left hand)
 G - a ring of wizardry
Wands
 i - a wand of mindburst (18)
 j - a wand of polymorph (7)
 q - a wand of iceblast (8)
 r - a wand of quicksilver (14)
Scrolls
 f - 2 scrolls of vulnerability {unknown}
 k - 3 scrolls of teleportation
 l - 3 scrolls of immolation {unknown}
 m - 2 scrolls of brand weapon {unknown}
 p - a scroll of enchant armour {unknown}
 t - a scroll of poison {unknown}
 w - a scroll of fog
 y - a scroll of blinking {unknown}
 z - a scroll of acquirement {unknown}
 A - a scroll of fear {unknown}
Potions
 g - 2 potions of brilliance
 n - a potion of mutation
 o - a potion of ambrosia
 v - 2 potions of flight {unknown}
 x - 2 potions of curing {unknown}
 B - a potion of haste {unknown}
 C - a potion of heal wounds {unknown}
 D - a potion of lignification {unknown}
 H - a potion of might {unknown}
 I - a potion of invisibility {unknown}
 J - a potion of magic {unknown}


   Skills:
 + Level 5.0 Fighting
 * Level 8.1 Long Blades
 - Level 2.0 Throwing
 + Level 6.8 Dodging


You had 6 spell levels left.
You didn't know any spells.
Your spell library contained the following spells:

 Spells                   Type           Power      Damage    Failure   Level
 Dazzling Flash           Conj/Hex       0%         N/A       86%         3
 Gell's Gravitas          Tloc           0%         N/A       86%         3
 Teleport Other           Tloc           0%         N/A       86%         3
 Iskenderun's Mystic Bla  Conj/Tloc      0%         2d3       99%         4
 Dispersal                Tloc           0%         N/A       100%        6
 Starburst                Conj/Fire      0%         6d3       100%        6


Dungeon Overview and Level Annotations

Branches:
Dungeon (5/15)             Temple (1/1) D:4

Altars:
Ashenzari
Cheibriados
Elyvilon
Fedhas
Gozag
Hepliaklqana
Makhleb
Nemelex Xobeh
Qazlal
Ru
Sif Muna
Trog
Uskayaw
Xom
Yredelemnul
The Shining One

Shops:
D:2 (   D:3 ?

Annotations:
D:1 2 transporters
D:5 Dowan


Innate Abilities, Weirdness & Mutations

((You are very nimble when in or above water. (Stealth+, EV+, Speed+++)))
Your lower body shifts to a powerful aquatic tail in water.


Message History

Duvessa is heavily wounded.
Duvessa hits you with a +0 rapier.
You hit Duvessa but do no damage.
Duvessa is heavily wounded.
Duvessa closely misses you.
You slash Duvessa!
Duvessa is severely wounded.
Duvessa barely misses you.
You slash Duvessa!
Duvessa is almost dead.
Dowan closely misses you. Duvessa misses you.
You hit Duvessa.
Duvessa is almost dead.
Dowan misses you. Duvessa hits you with a +0 rapier!
You hit Duvessa.
You kill Duvessa!
Dowan screams, "No!
Oh no!"
Dowan seems to find hidden reserves of power!
Dowan hits you with a +0 dagger. x2
Your Fighting skill increases to level 5!
Your Long Blades skill increases to level 8!
You slash Dowan!
Dowan is heavily wounded.
Dowan gestures at you while chanting. The stone arrow hits you!
You slash Dowan!
Dowan is almost dead.
Dowan casts a spell at you. The shard of ice hits you! You partially resist.
* * * LOW HITPOINT WARNING * * *
Dowan hits you with a +0 dagger.
* * * LOW HITPOINT WARNING * * *
You hit Dowan but do no damage.
Dowan is almost dead.
Dowan hits you but does no damage.
You barely miss Dowan.
Dowan is almost dead.
Dowan gestures at you while chanting. The shard of ice hits you!
You partially resist.
You die...

#. #.# #.# #.# #.###
##....#
#################)#.#.#
...............e@...#.#
..###################.#
....................#.#
##.#..#############.#.#
.................#..#.#
#####.##########.#..#.#
................>#..#.#
....................#.#
#.....##########.####.#


You could see Dowan (fast).

Vanquished Creatures
  Duvessa (D:5)
  An ice beast (D:5)
  A centaur (D:4)
  A phantom (D:4)
  Blork the orc (D:5)
  A scorpion (D:5)
  2 hounds (D:4)
  Jessica (D:2)
  An iguana (D:4)
  An orc wizard (D:5)
  A mummy (D:3)
  Robin (D:2)
  3 gnolls (D:3)
  2 adders
  An ufetubus (D:5)
  2 worms
  10 orcs
  8 ball pythons
  7 bats
  7 endoplasms
  2 giant cockroaches
  13 goblins
  8 hobgoblins
  4 jackals (D:2)
  7 quokkas
  4 frilled lizards
  7 kobolds
  5 rats
103 creatures vanquished.

Notes
Turn   | Place    | Note
-------+----------+-------------------------------------------
     0 | D:1      | boo the Merfolk Gladiator began the quest for the Orb.
     0 | D:1      | Reached XP level 1. HP: 16/16 MP: 1/1
   166 | D:1      | Reached XP level 2. HP: 22/23 MP: 2/2
   267 | D:1      | Reached skill level 4 in Long Blades
   384 | D:1      | Found a faded altar of an unknown god.
   775 | D:2      | Reached XP level 3. HP: 28/28 MP: 3/3
   940 | D:2      | Noticed Jessica
   944 | D:2      | Killed Jessica
   945 | D:2      | Reached XP level 4. HP: 34/34 MP: 4/4
  1160 | D:2      | Found Ozo Upt's Weapon Emporium.
  1187 | D:2      | Reached skill level 5 in Long Blades
  1252 | D:2      | Noticed Robin
  1447 | D:2      | Killed Robin
  1652 | D:3      | Found Goseekhle's Magic Scroll Shop.
  1679 | D:3      | Bought a scroll of identify for 20 gold pieces
  1679 | D:3      | Bought a scroll of identify for 20 gold pieces
  1679 | D:3      | Bought a scroll of fog for 40 gold pieces
  1679 | D:3      | Bought a scroll of identify for 20 gold pieces
  1779 | D:3      | Reached skill level 5 in Dodging
  1779 | D:3      | Reached XP level 5. HP: 33/41 MP: 5/5
  2135 | D:3      | Found a basalt altar of Yredelemnul.
  2362 | D:3      | Found a snail-covered altar of Cheibriados.
  2819 | D:4      | Found a burning altar of Makhleb.
  2828 | D:4      | Reached skill level 6 in Long Blades
  2885 | D:4      | Found a white marble altar of Elyvilon.
  2967 | D:4      | Noticed a phantom
  2983 | D:4      | Killed a phantom
  2984 | D:4      | Reached XP level 6. HP: 35/48 MP: 6/6
  3091 | D:4      | Found a staircase to the Ecumenical Temple.
  3212 | D:4      | Found a broken altar of Ashenzari.
  3562 | D:4      | Reached skill level 7 in Long Blades
  3849 | Temple   | Entered the Ecumenical Temple
  4067 | D:5      | Entered Level 5 of the Dungeon
  4081 | D:5      | Reached XP level 7. HP: 50/54 MP: 7/7
  4446 | D:5      | Noticed Blork the orc
  4457 | D:5      | Killed Blork the orc
  4545 | D:5      | Noticed Duvessa
  4545 | D:5      | Noticed Dowan
  4561 | D:5      | Killed Duvessa
  4562 | D:5      | Reached skill level 5 in Fighting
  4562 | D:5      | Reached skill level 8 in Long Blades
  4565 | D:5      | Killed from afar by Dowan

Illustrated notes

Levels and vault maps discovered:
D:1:      spicycebolla_arrival_transporter_tutorial, layout_basic,
          dreamdust_ecumenical_altar_statues
D:2:      layout_basic, serial_shops, shop, kennysheep_jessica_study, uniq_robin
D:3:      layout_basic, amcnicky_altar_gilded, slow_altar_2, serial_shops, shop,
          minmay_fractal_squares_5
D:4:      minmay_skewed_foursquare, layout_loops_cross,
          mainiacjoe_overflow_concentric_impassable,
          cheibrodos_ashenzari_chains, makhleb_heckhound_becter,
          minmay_temple_entry_antechambers, cheibrodos_sewer_entry_bend
D:5:      layout_basic, vehumet_statue, uniq_blork_the_orc, uniq_duvessa
Temple:   bh_familiar_temple

Skill      XL: |  1  2  3  4  5  6  7 |
---------------+----------------------+-----
Long Blades    | 4 5 6 7 8 |  8.1
Fighting       | 3 4 5 |  5.0
Dodging        | 5 6 |  6.8
Throwing       | |  2.0

Action                     |  1- 3 |  4- 6 |  7- 9 || total
---------------------------+-------+-------+-------++-------
  Melee: Long sword        |    80 |   213 |    73 ||   366
         Punch             |     1 |     3 |       ||     4
         Tailslap          |       |     2 |       ||     2
    Use: Scroll            |       |     6 |       ||     6
   Stab: Sleeping          |     1 |     3 |       ||     4
 Armour: Leather armour    |    42 |    56 |    15 ||   113
  Dodge: Dodged            |    73 |   216 |    40 ||   329

Table legend: (Time is in decaauts)
 A = Elapsed time spent in this place.
 B = Non-inter-level travel time spent in this place.
 C = Inter-level travel time spent in this place.
 D = Time resting spent in this place.
 E = Time spent auto-exploring this place.
 F = Levels seen in this place.
 G = Mean time per level.
                   A        B        C        D        E       F      G
               +--------+--------+--------+--------+--------+-----+--------+
         Total |   4584 |   4360 |    224 |    431 |   3063 |   6 |  764.0 |
       Dungeon |   4405 |   4194 |    211 |    431 |   2899 |   5 |  881.0 |
        Temple |    179 |    166 |     13 |      0 |    164 |   1 |  179.0 |
               +--------+--------+--------+--------+--------+-----+--------+

Top non-repeatable levels by time:
     D:3: 1247 daAuts
     D:4: 1067 daAuts
     D:2: 842 daAuts
     D:1: 747 daAuts
     D:5: 499 daAuts
  Temple: 179 daAuts
